 Dungeon Crawl Stone Soup version 0.31-b1-22-gc680215f68 (webtiles) character file.

Game seed: 3700403561697843017

1061 cdecastro the Grappler (level 8, -5/59 HPs)
             Began as a Pale Draconian Shapeshifter on Jan 18, 2024.
             Was an Initiate of Trog.
             Slain by an ogre
             ... wielding a +0 giant spiked club
              (23 damage)
             ... on level 5 of the Dungeon.
             The game lasted 00:09:52 (4462 turns).

cdecastro the Grappler (DrSh)                       Turns: 4462, Time: 00:09:52

Health: -5/59      AC:  6    Str: 17    XL:     8   Next: 6%
Magic:  8/8        EV: 12    Int: 10    God:    Trog [......]
Gold:   225        SH:  0    Dex: 13    Spells: 7/7 levels left

rFire   . .          .
                       - Unarmed
rCold   . . .        i - orb {*Rage}
rNeg    . . .        (body armour unavailable)
rPois   .            (helmet currently unavailable)
rElec   .            (cloak currently unavailable)
rCorr   .            (gloves currently unavailable)
SInv    .            (boots currently unavailable)
Will    .....        (no amulet)
Stlth   +            (no ring)
HPRegen 0.29/turn    (no ring)
MPRegen 0.11/turn

%: random rage (20%)
@: beast-form, on berserk cooldown, slowed, studying Axes, very slow
A: beast (slay +3), breathe steam, AC +6, unfitting armour, cold-blooded, steam
resistance
a: Breathe Steam, Begin Untransformation, Renounce Religion


You were on level 5 of the Dungeon.
You worshipped Trog.
Trog was noncommittal.
You were a hulking beast.
You visited 2 branches of the dungeon, and saw 6 of its levels.

You collected 225 gold pieces.

Inventory:

Missiles
 e - 47 stones (quivered)
 l - 9 poisoned darts
 E - 5 atropa-tipped darts
 I - 2 boomerangs
Armour
 g - a +0 pair of gloves
 i - an orb of wrath (worn)
 r - a +2 buckler
 B - a +0 pair of boots
Magical Staves
 k - a staff of death
 w - a staff of air
Jewellery
 u - a +5 ring of evasion
 v - an amulet of magic regeneration
Talismans
 b - a beast talisman
 c - a flux talisman
 p - a serpent talisman
Wands
 x - a wand of mindburst (14)
 y - a wand of paralysis (6)
Scrolls
 d - a scroll of revelation {unknown}
 j - a scroll of identify {unknown}
 n - 2 scrolls of poison {unknown}
 q - a scroll of enchant armour {unknown}
 t - 3 scrolls of noise {unknown}
 D - a scroll of fear {unknown}
 F - a scroll of fog {unknown}
 G - a scroll of vulnerability {unknown}
 H - a scroll of amnesia {unknown}
 J - a scroll of brand weapon {unknown}
Potions
 a - a potion of lignification
 f - 3 potions of attraction {unknown}
 h - a potion of enlightenment {unknown}
 m - a potion of brilliance {unknown}
 o - a potion of magic {unknown}
 s - 2 potions of haste {unknown}
 z - a potion of mutation {unknown}
 A - a potion of cancellation {unknown}
 C - a potion of heal wounds {unknown}


   Skills:
 - Level 1.1 Fighting
 - Level 1.7 Dodging
 * Level 8.3 Unarmed Combat
 + Level 5.8 Shapeshifting


You had 7 spell levels left.
You didn't know any spells.
Your spell library contained the following spells:

 Spells                   Type           Power      Damage    Failure   Level
 Apportation              Tloc           0%         N/A       36%         1
 Foxfire                  Conj/Fire      0%         2x1d4     36%         1
 Necrotise                Necr           0%         1d4       36%         1
 Sting                    Conj/Alch      0%         1d3       36%         1
 Summon Small Mammal      Summ           0%         N/A       36%         1
 Call Canine Familiar     Summ           0%         N/A       75%         3
 Summon Blazeheart Golem  Fire/Summ      0%         N/A       98%         4
 Plasma Beam              Fire/Air       0%         2x1d10    100%        6
 Starburst                Conj/Fire      0%         6d3       100%        6
 Orb of Destruction       Conj           0%         9d5       100%        7
 Spellforged Servitor     Conj/Summ      0%         N/A       100%        7


Dungeon Overview and Level Annotations

Branches:
Dungeon (5/15)             Temple (1/1) D:5

Altars:
Ashenzari
Cheibriados
Dithmenos
Elyvilon
Fedhas
Hepliaklqana
Kikubaaqudgha
Okawaru
Qazlal
Trog
Uskayaw
Vehumet
Wu Jian
Xom
Zin
The Shining One


Innate Abilities, Weirdness & Mutations

You are a hulking beast.
Your limbs bulge with bestial killing power. (Slay +3)
You can breathe blasts of scalding, opaque steam.
Your pale cyan-grey scales are hard. (AC +6)
You cannot fit into any form of body armour.
You are cold-blooded and may be slowed by cold attacks.
You are immune to the effects of steam.


Message History

You feel a strong urge to attack something.
A scorpion comes into view.
The hound closely misses you.
You punch the hound! You tail-slap the hound.
The hound is almost dead.
The hound bites you.
You punch the hound!
You kill the hound!
Trog accepts your kill.
You have reached level 8!
You feel agile.
You are no longer berserk.
You are exhausted.
You feel yourself slow down.
You see here a hound corpse.
The scorpion stings you but does no damage.
The scorpion barely misses you.
You punch the scorpion!
The scorpion is heavily wounded.
The scorpion stings you.
You barely miss the scorpion.
The scorpion is heavily wounded.
The scorpion barely misses you. The scorpion stings you.
You punch the scorpion!
You kill the scorpion!
Trog accepts your kill.
An ogre comes into view. It is wielding a +0 giant spiked club.
You see here a scorpion corpse.
The ogre hits you with a +0 giant spiked club!!
Ouch! That really hurt!
* * * LOW HITPOINT WARNING * * *
An ogre is nearby!
You see here a scorpion corpse.
The ogre attacks as it pursues you! The ogre barely misses you.
The ogre barely misses you. The ogre attacks as it pursues you!
The ogre closely misses you.
There is a stone staircase leading up here.
The ogre closely misses you.
The ogre hits you with a +0 giant spiked club!!
You die...

#### # ..#.#
######.#.#
#...)..#.#########
#....#†...........
#........#########
#.##.#†#####
#.#...>....#
#h#...#....#####
#.O<.....††....###
#.#...#...†###....
#.....###### ####.
#....## ## ######
#...# #########
#...#
#.......########


You could see an ogre.

Vanquished Creatures
  A water moccasin (D:4)
  A black bear (D:4)
  An ogre (D:4)
  2 phantoms (D:4)
  2 scorpions
  A howler monkey (D:5)
  2 bombardier beetles
  3 hounds
  3 orc priests
  An iguana (D:4)
  2 orc wizards
  4 adders
  2 ufetubi (D:5)
  3 dart slugs
  2 ribbon worms
  14 orcs
  8 ball pythons
  5 bats
  8 endoplasms
  2 giant cockroaches
  6 goblins
  7 hobgoblins
  7 jackals
  5 quokkas
  A frilled lizard (D:3)
  12 kobolds
  5 rats
110 creatures vanquished.

Notes
Turn   | Place    | Note
-------+----------+-------------------------------------------
     0 | D:1      | cdecastro the Draconian Shapeshifter began the quest for
                  | the Orb.
     0 | D:1      | Reached XP level 1. HP: 16/16 MP: 1/1
     3 | D:1      | Noticed an electric eel
     8 | D:1      | Noticed an electric eel
   167 | D:1      | Reached XP level 2. HP: 19/23 MP: 2/2
   647 | D:2      | Reached XP level 3. HP: 23/28 MP: 3/3
   734 | D:2      | Reached skill level 4 in Unarmed Combat
  1497 | D:3      | Reached XP level 4. HP: 35/35 MP: 4/4
  1601 | D:3      | Found a shadowy altar of Dithmenos.
  2568 | D:4      | Reached skill level 5 in Unarmed Combat
  2629 | D:4      | Noticed a phantom
  2637 | D:4      | Noticed an ogre
  2655 | D:4      | Killed a phantom
  2656 | D:4      | Reached XP level 5. HP: 40/40 MP: 5/5
  2659 | D:4      | Killed an ogre
  2660 | D:4      | Reached XP level 6. HP: 30/47 MP: 6/6
  2670 | D:4      | Reached skill level 6 in Unarmed Combat
  2971 | D:4      | Found a glowing silver altar of Zin.
  3117 | D:4      | Noticed a water moccasin
  3158 | D:4      | Killed a water moccasin
  3159 | D:4      | Reached skill level 7 in Unarmed Combat
  3159 | D:4      | Reached skill level 5 in Shapeshifting
  3159 | D:4      | Your scales start taking on a pale cyan-grey colour.
  3159 | D:4      | Reached XP level 7. HP: 42/52 MP: 7/7
  3159 | D:4      | Gained mutation: You are immune to the effects of steam.
                  | [Pale Draconian growth]
  3784 | D:5      | Entered Level 5 of the Dungeon
  4126 | D:5      | Found an iron altar of Okawaru.
  4224 | D:5      | Found a staircase to the Ecumenical Temple.
  4258 | D:5      | Reached skill level 8 in Unarmed Combat
  4320 | Temple   | Entered the Ecumenical Temple
  4336 | Temple   | Became a worshipper of Trog the Wrathful
  4448 | D:5      | Reached XP level 8. HP: 59/59 MP: 8/8
  4462 | D:5      | Slain by an ogre

Illustrated notes

Levels and vault maps discovered:
D:1:      arrival_aquarium_b, layout_rooms
D:2:      layout_basic
D:3:      layout_basic, nicolae_overflow_crystal_walls
D:4:      minmay_chambers_of_fours, layout_basic, lemuel_doored_altar
D:5:      layout_basic, okawaru_metal_pillars_1_2, minmay_temple_entry_offerings
Temple:   dshaligram_water_room_temple

Skill      XL: |  1  2  3  4  5  6  7 |
---------------+----------------------+-----
Unarmed Combat | 4 5 7 8 |  8.3
Shapeshifting  | 4 5 |  5.8
Fighting       | |  1.1
Dodging        | |  1.7

Action                     |  1- 3 |  4- 6 |  7- 9 || total
---------------------------+-------+-------+-------++-------
  Melee: Unarmed           |    94 |   104 |    90 ||   288
         Tailslap          |     8 |     9 |    12 ||    29
         Punch             |     3 |       |       ||     3
  Evoke: Wand              |       |     2 |       ||     2
   Stab: Sleeping          |     1 |       |       ||     1
         Distracted        |       |     1 |       ||     1
 Armour: Skin              |    41 |    66 |    53 ||   160
  Dodge: Dodged            |    49 |    84 |    52 ||   185
